 Dungeon Crawl Stone Soup version 0.27.1 (webtiles) character file.

Game seed: 7484884010093685010

1 Descartes the Sneak (level 1, -2/11 HPs)
             Began as a Spriggan Delver on Aug 31, 2021.
             Slain by an adder (3 damage)
             ... on level 5 of the Dungeon.
             The game lasted 00:00:38 (358 turns).

Descartes the Sneak (Spriggan Delver)                Turns: 358, Time: 00:00:39

Health: -2/11      AC:  2    Str:  8    XL:     1   Next: 16%
Magic:  2/2        EV: 17    Int: 11    God:
Gold:   44         SH:  0    Dex: 16    Spells: 0/0 levels left

rFire    . . .     SeeInvis +   a - +0 short sword
rCold    . . .     Faith    .   (shield restricted)
rNeg     + . .     Spirit   .   b - +0 robe
rPois    .         Reflect  .   (helmet restricted)
rElec    .         Harm     .   (no cloak)
rCorr    .         Rampage  .   (gloves unavailable)
Will     .....                  (boots unavailable)
Stlth    ++++......             (no amulet)
HPRegen  0.03/turn              k - ring of positive energy
MPRegen  0.08/turn              (no ring)

@: lethally poisoned (-2 -> -6), very quick
A: very small, no large weapons, unfitting armour, see invisible, speed 3
a: no special abilities


You were on level 5 of the Dungeon.
You visited 1 branch of the dungeon, and saw 1 of its levels.

You collected 44 gold pieces.

Inventory:

Hand Weapons
 a - a +0 short sword (weapon)
Armour
 b - a +0 robe (worn)
Jewellery
 k - a ring of positive energy (left hand)
Wands
 g - a wand of digging (3)
Scrolls
 c - a scroll of fog
 d - a scroll of magic mapping
 e - 2 scrolls of fear
 h - a scroll of identify {unknown}
 i - a scroll of vulnerability {unknown}
Potions
 f - a potion of haste
 j - a potion of degeneration {unknown}


   Skills:
 - Level 2.4 Fighting
 + Level 2.2 Short Blades
 + Level 2.7 Dodging
 + Level 7.2 Stealth


You couldn't memorise any spells.
You didn't know any spells.
Your spell library was empty.

Dungeon Overview and Level Annotations

Branches:
Dungeon (5/15)
 Temple: D:4-7

Altars:


Innate Abilities, Weirdness & Mutations

You are very small and have problems with some larger weapons.
You are too small for most types of armour.
You have supernaturally acute eyesight. (SInv)
You cover ground extremely quickly. (Speed+++)


Message History

You open the door.
There is an open door here.
You open the door.
There is an open door here.
You open the door.
Found a small onyx ring.
There is an open door here.
k - a ring of positive energy
k - a ring of positive energy (left hand)
There is an open door here.
You see here 7 javelins.
An adder comes into view.
The adder bites you.
You are poisoned.
The adder poisons you!
You hit the adder.
The adder is heavily wounded.
You feel sick. The adder completely misses you.
You hit the adder but do no damage.
The adder is heavily wounded.
You feel sick. The adder barely misses you.
You barely miss the adder.
The adder is heavily wounded.
You feel sick. The adder completely misses you. The adder bites you.
You are lethally poisoned!
The adder poisons you!
You are too injured to fight recklessly!
You hit the adder.
The adder is almost dead.
* * * LOW HITPOINT WARNING * * *
You feel sick. The adder closely misses you.
You hit the adder but do no damage.
The adder is severely wounded.
* * * LOW HITPOINT WARNING * * *
You feel sick. The adder closely misses you.
You completely miss the adder.
The adder is severely wounded.
* * * LOW HITPOINT WARNING * * *
You feel sick. The adder bites you.
You die...

######.....#'####.....#
#..........#....#.....#
#..........'....#.....#
#..........#....+.....#
#..........#....#.....#
############....#.....#
#....#.....#.....#
#...S##....#.....#
#...@##(...#.....#
#..........#.....#
#..........#.....+
##...####'##.....###
#####..............
#......###+#...
#......# ... #....>.#
.. #......#


You could see an adder.

Vanquished Creatures
  A quokka (D:5)
1 creature vanquished.

Vanquished Creatures (others)
  7 toadstools (D:5)
7 creatures vanquished.

Grand Total: 8 creatures vanquished

Notes
Turn   | Place    | Note
-------+----------+-------------------------------------------
     0 | D:5      | Descartes the Spriggan Delver began the quest for the Orb.
     0 | D:5      | Reached XP level 1. HP: 11/11 MP: 2/2
   358 | D:5      | Slain by an adder

Illustrated notes

Levels and vault maps discovered:
D:5:      cheibrodos_fertilizer, layout_gridville,
          gammafunk_temple_overflow_wave

Action                   || total
-------------------------++-------
Melee: Short sword       ||    10
Dodge: Dodged            ||     7
